 Dungeon Crawl Stone Soup version 0.23.2-1-ga50397a (webtiles) character file.

Game seed: 5143957742396172320

77 VAZYLA the Covered (level 4, -2/29 HPs)
             Began as a Gargoyle Fighter on Apr 15, 2019.
             Killed by divine providence
             ... invoked by an orc priest
              (11 damage)
             ... on level 3 of the Dungeon.
             The game lasted 00:03:59 (1877 turns).

VAZYLA the Covered (Gargoyle Fighter)               Turns: 1877, Time: 00:04:00

Health: -2/29      AC: 11    Str: 21    XL:     4   Next: 33%
Magic:  4/4        EV:  7    Int:  8    God:
Gold:   85         SH:  9    Dex:  9    Spells: 3/3 levels left

rFire    . . .     SeeInvis .   a - +0 flail
rCold    . . .     Gourm    .   c - +0 shield
rNeg     + . .     Faith    .   b - +0 scale mail
rPois    ∞         Spirit   .   (no helmet)
rElec    +         Reflect  .   n - +0 cloak
rCorr    .         Harm     .   (no gloves)
MR       .....                  (no boots)
Stlth    ..........             (no amulet)
HPRegen  0.09/turn              (no ring)
MPRegen  0.09/turn              (no ring)

@: no status effects
A: negative energy resistance 1, electricity resistance, unbreathing,
petrification resistance, rot immunity, AC +3
a: no special abilities


You were on level 3 of the Dungeon.
You were not hungry.

You visited 1 branch of the dungeon, and saw 3 of its levels.

You collected 85 gold pieces.

Inventory:

Hand Weapons
 a - a +0 flail (weapon)
Missiles
 i - 121 stones (quivered)
Armour
 b - a +0 scale mail (worn)
 c - a +0 shield (worn)
 n - a +0 cloak (worn)
Jewellery
 k - an uncursed ring of poison resistance {unknown}
 l - an uncursed ring of wizardry {unknown}
Scrolls
 e - a scroll of teleportation {unknown}
 g - a scroll of enchant armour {unknown}
 j - 8 scrolls of identify {unknown}
 m - 2 scrolls of amnesia {unknown}
Potions
 d - 3 potions of might
 h - a potion of flight {unknown}
 o - a potion of lignification {unknown}
Comestibles
 f - a ration


   Skills:
 + Level 3.7 Fighting
 * Level 3.0 Maces & Flails
 * Level 4.1 Armour
 + Level 3.7 Shields


You had 3 spell levels left.
You didn't know any spells.
Your spell library was empty.

Dungeon Overview and Level Annotations

Branches:
Dungeon (3/15)

Altars:
Okawaru


Innate Abilities, Weirdness & Mutations

You are resistant to torment.
Your stone body is resilient. (AC +3)
You are immune to poison.
You resist negative energy. (rN+)
You are resistant to electric shocks. (rElec)
You can survive without breathing.
You are immune to petrification.
You are immune to rotting.


Message History

The orc priest invokes the aid of Beogh against you.
Pain shoots through your body!
You see here a goblin corpse.
The bat hits you but does no damage. The bat barely misses you.
You block the bat's attack. The bat closely misses you.
You block the bat's attack. You block the bat's attack.
The bat hits you but does no damage. The bat hits you but does no damage.
The orc priest calls down the wrath of Beogh upon you.
Beogh smites you! You block the bat's attack.
Things that are here:
a +0 club; an adder corpse; a goblin corpse You block the bat's attack.
You see here a stone.
The orc priest mumbles some strange prayers to Beogh against you.
Beogh smites you!
You die...

. .. #( #.
#.###########
#...<...%...
#.##.#.######
##.###.#.#
#...†.@#.#
......##b#.# #
###.#.##)#.###.#
##.............
...............
#...###o..##...
#.#)#!#o#.# ).
#...#.#...# #.
###(..###.....


You could see an orc priest, an orc and a bat.

Vanquished Creatures
  3 adders (D:3)
  An ooze (D:1)
  A worm (D:2)
  2 dart slugs (D:1)
  2 leopard geckos
  A ball python (D:1)
  A giant cockroach (D:2)
  4 goblins
  A hobgoblin (D:1)
  2 quokkas (D:2)
  A ball python skeleton (D:3)
  9 bats
  2 frilled lizards
  5 kobolds
  4 rats
39 creatures vanquished.

Vanquished Creatures (others)
  A quokka (D:3)
1 creature vanquished.

Grand Total: 40 creatures vanquished

Notes
Turn   | Place    | Note
-------+----------+-------------------------------------------
     0 | D:1      | VAZYLA the Gargoyle Fighter began the quest for the Orb.
     0 | D:1      | Reached XP level 1. HP: 14/14 MP: 1/1
    48 | D:1      | Reached XP level 2. HP: 16/19 MP: 2/2
   373 | D:1      | Reached XP level 3. HP: 23/23 MP: 3/3
  1345 | D:2      | Found an iron altar of Okawaru.
  1713 | D:3      | Reached skill level 4 in Armour
  1716 | D:3      | Reached XP level 4. HP: 26/29 MP: 4/4
  1877 | D:3      | Killed from afar by an orc priest

Skill      XL: |  1  2  3  4 |
---------------+-------------+-----
Armour         | 4 |  4.1
Maces & Flails | 3 |  3.0
Fighting       | |  3.7
Shields        | |  3.7

Action                   |  1- 3 |  4- 6 || total
-------------------------+-------+-------++-------
Melee: Flail             |   111 |    38 ||   149
Throw: Stone             |    16 |       ||    16
  Eat: Ration            |     1 |       ||     1
       Chunk             |     1 |       ||     1
Armor: Scale mail        |    78 |    22 ||   100
Dodge: Dodged            |    41 |    22 ||    63
Block: Shield            |    76 |    29 ||   105
